 Dungeon Crawl Stone Soup version 0.28-a0-43-g560ac104fe (webtiles) character file.

Game seed: 11062048962431976886

9219 arson the Cleaver (level 11, -7/111 HPs)
             Began as a Minotaur Berserker on July 28, 2021.
             Was a High Priest of Trog.
             Mangled by an orc warrior (8 damage)
             ... on level 9 of the Dungeon.
             The game lasted 00:14:39 (10995 turns).

arson the Cleaver (Minotaur Berserker)             Turns: 10995, Time: 00:14:39

Health: -7/111     AC: 14    Str: 26    XL:     11   Next: 20%
Magic:  10/10      EV:  9    Int:  4    God:    Trog [*****.]
Gold:   676        SH:  0    Dex: 15    Spells: 10/10 levels left

rFire   + . .      SeeInvis .   E - +0 battleaxe
rCold   . . .      Faith    .   (shield currently unavailable)
rNeg    . . .      Spirit   .   l - +1 chain mail {rF+}
rPois   .          Reflect  .   M - +2 hat {Stlth+}
rElec   .          Harm     .   C - +0 cloak
rCorr   .          Rampage  .   (no gloves)
Will    .....                   I - +0 pair of boots
Stlth   ..........              m - amulet of magic regeneration
HPRegen 0.28/turn               H - +6 ring of dexterity
MPRegen 0.37/turn               (no ring)

@: about to teleport, on berserk cooldown, slowed, very slow
A: horns 2, retaliatory headbutt
a: Renounce Religion, Berserk, Trog's Hand, Brothers in Arms


You were on level 9 of the Dungeon.
You worshipped Trog.
Trog was extremely pleased with you.
You visited 2 branches of the dungeon, and saw 12 of its levels.

You collected 676 gold pieces.

Inventory:

Hand Weapons
 a - a +0 hand axe
 b - a +2 war axe
 E - a +0 battleaxe (weapon)
Missiles
 A - 2 throwing nets (quivered)
Armour
 e - a +0 plate armour
 h - a +0 kite shield
 l - a +1 chain mail of fire resistance (worn)
 C - a +0 cloak (worn)
 I - a +0 pair of boots (worn)
 M - a +2 hat of stealth (worn)
Jewellery
 m - an amulet of magic regeneration (around neck)
 H - a +6 ring of dexterity (left hand)
Wands
 r - a wand of mindburst (17)
 u - a wand of iceblast (10)
 F - a wand of flame (41)
 J - a wand of paralysis (8)
Scrolls
 d - a scroll of immolation {unknown}
 i - a scroll of vulnerability {unknown}
 n - 2 scrolls of fog {unknown}
 q - a scroll of silence {unknown}
 t - 3 scrolls of teleportation
 v - 6 scrolls of identify {unknown}
 y - 2 scrolls of brand weapon {unknown}
 z - 2 scrolls of fear {unknown}
 B - a scroll of amnesia {unknown}
 D - 2 scrolls of magic mapping {unknown}
 L - a scroll of noise {unknown}
Potions
 c - 14 potions of curing {unknown}
 f - a potion of magic {unknown}
 g - 2 potions of haste {unknown}
 j - 2 potions of lignification {unknown}
 k - a potion of flight {unknown}
 o - a potion of cancellation {unknown}
 p - 2 potions of attraction {unknown}
 s - 3 potions of ambrosia {unknown}
 w - 5 potions of brilliance {unknown}
 x - 3 potions of might {unknown}
 G - a potion of heal wounds {unknown}
 K - a potion of degeneration {unknown}


   Skills:
 + Level 14.4 Fighting
 + Level 14.4 Axes
 - Level 3.1 Armour
 - Level 2.1 Dodging


You had 10 spell levels left.
You didn't know any spells.
Your spell library was empty.

Dungeon Overview and Level Annotations

Branches:
Dungeon (11/15)            Temple (0/1) D:6            Lair (0/6) D:11
    Orc (1/2) D:9

Altars:
Ashenzari
Kikubaaqudgha
Makhleb
Nemelex Xobeh
Okawaru
Ru
Vehumet

Shops:
D:5 :

Annotations:
D:8 3 runed translucent doors, dolemite99's ghost, novice MiFi


Innate Abilities, Weirdness & Mutations

You have a pair of horns on your head.
You reflexively headbutt those who attack you in melee.


Message History

The orc hits you with a +0 short sword.
* * * LOW HITPOINT WARNING * * *
The orc priest hits you but does no damage.
The orc warrior hits you from afar with a +0 glaive!
* * * LOW HITPOINT WARNING * * *
The orc warrior hits you with a +0 short sword.
* * * LOW HITPOINT WARNING * * *
You climb upwards.
Welcome back to the Dungeon!
Reactivating autopickup.
There is a staircase to the Orcish Mines here.
Unknown command.
Okay, then.
Unknown command.
Okay, then.
Unknown command.
You slice the orc warrior!!
The orc warrior is almost dead.
You hit the orc priest but do no damage.
You barely miss the orc.
The orc priest hits you but does no damage.
The orc barely misses you.
The orc warrior hits you with a +0 short sword!
* * * LOW HITPOINT WARNING * * *
The orc priest hits you but does no damage.
The orc hits you but does no damage.
You hit the orc warrior but do no damage.
The orc warrior is almost dead.
You closely miss the orc. You slash the orc priest!
The orc warrior hits you with a +0 short sword.
* * * LOW HITPOINT WARNING * * *
The orc priest looks braver for a moment.
The orc barely misses you. The orc warrior closely misses you.
You furiously retaliate!
You headbutt the orc warrior, but do no damage.
As you read the scroll labelled WINE NUNOSOM, it crumbles to dust.
You feel strangely unstable.
It was a scroll of teleportation.
The orc priest hits you but does no damage.
The orc hits you but does no damage.
The orc warrior hits you with a +0 short sword!
You die...

#.# #..#.. #.#
##.#.. #.# #....
#.# ##... ######
### #####
#######8###8###.###
#≈≈≈.#...#...#...#.
#≈§o.#......)......
#≈@o.'............)
#≈≈o§#.............
#≈§§§#...#...#...#.
#######8###.###8###
####### ### # #.#
#.# #.#### #....#


You could see an orc warrior, an orc priest and an orc.

Vanquished Creatures
  Gastronok (D:11)
  A two-headed ogre (D:11)
  An ugly thing (D:10)
  A komodo dragon (D:10)
  A hornet (D:10)
  A wraith (D:10)
  A shadow (D:9)
  8 yaks
  A steam dragon (D:7)
  A warg (Orc:1)
  An acid dragon (D:9)
  A water moccasin (D:6)
  2 ice beasts
  8 orc warriors
  4 black bears
  A necrophage (D:8)
  A phantom (D:5)
  2 centaurs
  2 kobold brigands
  5 bullfrogs
  6 killer bees (D:8)
  8 wights
  3 howler monkeys (D:10)
  5 centaur zombies
  A hound (D:6)
  5 orc priests
  A bullfrog skeleton (D:5)
  A jelly (D:5)
  Crazy Yiuf (D:7)
  Terence (D:3)
  13 orc wizards
  A howler monkey zombie (D:9)
  5 adders
  2 shadow imps
  A white imp (D:5)
  2 ufetubi
  3 worms
  41 orcs
  8 ball pythons
  4 bats
  12 endoplasms
  A giant cockroach (D:3)
  7 goblins
  8 hobgoblins
  14 jackals
  3 quokkas
  20 kobolds
  3 rats
224 creatures vanquished.

Vanquished Creatures (others)
  A plant (D:2)
1 creature vanquished.

Grand Total: 225 creatures vanquished

Notes
Turn   | Place    | Note
-------+----------+-------------------------------------------
     0 | D:1      | arson the Minotaur Berserker began the quest for the Orb.
     0 | D:1      | Reached XP level 1. HP: 19/19 MP: 0/0
   551 | D:1      | Reached XP level 2. HP: 27/27 MP: 1/1
   875 | D:1      | Reached XP level 3. HP: 22/34 MP: 2/2
  1020 | D:1      | Reached ** piety under Trog
  1514 | D:2      | Found a broken altar of Ashenzari.
  2193 | D:2      | Reached XP level 4. HP: 41/41 MP: 3/3
  2536 | D:3      | Reached skill level 5 in Fighting
  2536 | D:3      | Reached skill level 5 in Axes
  2672 | D:3      | Reached XP level 5. HP: 26/48 MP: 4/4
  2681 | D:3      | Found a faded altar of an unknown god.
  3042 | D:3      | Reached *** piety under Trog
  3066 | D:3      | Noticed Terence
  3079 | D:3      | Killed Terence
  3308 | D:3      | Found a burning altar of Makhleb.
  4073 | D:5      | Entered Level 5 of the Dungeon
  4114 | D:5      | Noticed an ice beast
  4117 | D:5      | Noticed a black bear
  4128 | D:5      | Killed an ice beast
  4129 | D:5      | Reached XP level 6. HP: 53/58 MP: 5/5
  4278 | D:5      | Reached XP level 7. HP: 55/66 MP: 6/6
  4422 | D:5      | Found Xuejomed's Book Shoppe.
  5336 | D:6      | Found an iron altar of Okawaru.
  5429 | D:6      | Found a staircase to the Ecumenical Temple.
  5652 | D:6      | Reached XP level 8. HP: 55/75 MP: 7/7
  6183 | D:7      | Found a radiant altar of Vehumet.
  6669 | D:7      | Found a runed translucent door.
  6670 | D:7      | Noticed Crazy Yiuf
  6676 | D:7      | Killed Crazy Yiuf
  6747 | D:8      | Found a sparkling altar of Nemelex Xobeh.
  6755 | D:8      | Reached **** piety under Trog
  6764 | D:8      | Reached skill level 10 in Fighting
  6764 | D:8      | Reached skill level 10 in Axes
  6883 | D:8      | Reached XP level 9. HP: 61/86 MP: 8/8
  7681 | D:8      | Noticed dolemite99's ghost (novice MiFi)
  7744 | D:8      | Found a runed translucent gate.
  7744 | D:8      | Found a runed translucent gate.
  7744 | D:8      | Found a runed translucent gate.
  8735 | D:9      | Found an ancient bone altar of Kikubaaqudgha.
  8791 | D:9      | Reached ***** piety under Trog
  8888 | D:9      | Found a staircase to the Orcish Mines.
  9030 | D:9      | Found a sacrificial altar of Ru.
  9320 | D:10     | Entered Level 10 of the Dungeon
  9342 | D:10     | Reached XP level 10. HP: 91/99 MP: 9/9
  9722 | D:10     | Noticed a brown ugly thing
  9733 | D:10     | Killed a brown ugly thing
 10606 | D:11     | Noticed a two-headed ogre
 10614 | D:11     | Killed a two-headed ogre
 10635 | D:11     | Noticed a gargoyle
 10716 | D:11     | Found a staircase to the Lair.
 10772 | D:11     | Noticed Gastronok
 10795 | D:11     | Killed Gastronok
 10796 | D:11     | Reached XP level 11. HP: 111/111 MP: 10/10
 10808 | D:11     | Noticed a seven-headed hydra
 10962 | Orc:1    | Entered Level 1 of the Orcish Mines
 10977 | Orc:1    | Noticed an ettin
 10994 | D:9      | HP: 1/111 [orc warrior (6)]
 10995 | D:9      | Mangled by an orc warrior

Illustrated notes

Levels and vault maps discovered:
D:1:      elethiomel_arrival_fortress_basement, layout_rooms
D:2:      layout_basic, basic_altar, minmay_shallow_snake_nest
D:3:      layout_basic, lightli_temple_of_fire,
          shapermc_ecumenical_altar_pompeii, uniq_terence
D:4:      layout_loops_ring
D:5:      layout_basic, serial_shops, shop
D:6:      layout_loops_ring, okawaru_trees_2, minmay_temple_entry_overgrown
D:7:      layout_basic, nicolae_vehumet_radiance, uniq_crazy_yiuf_cottage
D:8:      layout_gridville, mainiacjoe_overflow_boulevard, gammafunk_ghost_icy
D:9:      layout_basic, kiku_gazebo_pond_becter, nicolae_overflow_hidden_temple,
          david_orc_4
D:10:     layout_basic
D:11:     layout_cave_pools, lair_entry_dummy, uniq_gastronok
Orc:1:    layout_diamond_mine, basic_altar

Skill      XL: |  1  2  3  4  5  6  7  8  9 10 |
---------------+-------------------------------+-----
Fighting       | 4 5 6 7 8 10 12 14 | 14.4
Axes           | 4 5 6 7 8 10 12 14 | 14.4
Armour         | 3 |  3.1
Dodging        | |  2.1

Action                   |  1- 3 |  4- 6 |  7- 9 | 10-12 || total
-------------------------+-------+-------+-------+-------++-------
Melee: Hand axe          |    76 |   149 |   118 |       ||   343
       Headbutt          |    13 |    20 |    44 |    33 ||   110
       War axe           |       |       |    57 |       ||    57
       Battleaxe         |       |       |    64 |    90 ||   154
Invok: Berserk           |     1 |     2 |    10 |     5 ||    18
       Trog's Hand       |       |       |     2 |     2 ||     4
  Use: Scroll            |       |       |       |     1 ||     1
Armor: Animal skin       |     5 |       |       |       ||     5
       Plate armour      |    28 |    58 |       |       ||    86
       Chain mail        |       |    33 |   158 |    57 ||   248
Dodge: Dodged            |    34 |    27 |    76 |    36 ||   173
Block: Kite shield       |     1 |    55 |    78 |       ||   134

Table legend: (Time is in decaauts)
 A = Elapsed time spent in this place.
 B = Non-inter-level travel time spent in this place.
 C = Inter-level travel time spent in this place.
 D = Time resting spent in this place.
 E = Time spent auto-exploring this place.
 F = Levels seen in this place.
 G = Mean time per level.
                   A        B        C        D        E       F      G
               +--------+--------+--------+--------+--------+-----+--------+
         Total |  11246 |  10876 |    370 |   2617 |   6841 |  12 |  937.2 |
       Dungeon |  11216 |  10846 |    370 |   2617 |   6841 |  11 | 1019.6 |
  Orcish Mines |     29 |     29 |      0 |      0 |      0 |   1 |   29.0 |
               +--------+--------+--------+--------+--------+-----+--------+

Top non-repeatable levels by time:
     D:8: 1660 daAuts
    D:10: 1359 daAuts
     D:1: 1230 daAuts
     D:2: 1159 daAuts
     D:6: 1060 daAuts
     D:9: 1047 daAuts
     D:5: 1045 daAuts
     D:3: 1007 daAuts
     D:4: 740 daAuts
     D:7: 640 daAuts
    D:11: 265 daAuts
   Orc:1: 29 daAuts
